 Dungeon Crawl Stone Soup version 0.25.1-2-g60ff931df9 (webtiles) character file.

Game seed: 830674666493164571

8567 lepoulpe303 the Covert (level 11, -7/47 HPs)
             Began as a Spriggan Earth Elementalist on Oct 12, 2020.
             Was an Elder of Dithmenos.
             Mangled by a manticore (16 damage)
             ... on level 9 of the Dungeon.
             The game lasted 00:46:43 (11453 turns).

lepoulpe303 the Covert (SpEE)                      Turns: 11453, Time: 00:46:43

Health: -7/47      AC: 10    Str:  4    XL:     11   Next: 11%
Magic:  20/25      EV: 29    Int: 20    God:    Dithmenos [****..]
Gold:   74         SH:  0    Dex: 17    Spells: 8/29 levels left

rFire    . . .     SeeInvis +   a - +0 dagger (chaos)
rCold    . . .     Gourm    .   (shield restricted)
rNeg     . . .     Faith    .   y - +1 robe {MR+} {MR+}
rPois    .         Spirit   .   (helmet restricted)
rElec    .         Reflect  .   E - +2 cloak
rCorr    .         Harm     .   (gloves unavailable)
MR       ++...                  (boots unavailable)
Stlth    +++++++...             (no amulet)
HPRegen  0.15/turn              h - +4 ring of evasion
MPRegen  0.19/turn              A - +4 ring of protection

@: barbed spikes, wreathed by umbra, very quick
A: very small, unfitting armour, see invisible, herbivore, speed 3, slow
metabolism 2
a: Shadow Step, Renounce Religion


You were on level 9 of the Dungeon.
You worshipped Dithmenos.
Dithmenos was greatly pleased with you.
You were not hungry.

You visited 1 branch of the dungeon, and saw 9 of its levels.

You collected 407 gold pieces.
You spent 333 gold pieces at shops.

Inventory:

Hand Weapons
 a - a +0 dagger of chaos (weapon)
 b - a +4 rapier of venom
 I - a +0 short sword
 J - a +2 dagger of flaming
Missiles
 n - 4 atropa-tipped darts
 p - 17 poisoned darts (quivered)
 v - 4 datura-tipped darts
 D - 2 throwing nets {=f}
 Q - 114 stones
Armour
 y - a +1 robe of magic resistance (worn) {MR+}
 E - a +2 cloak (worn)
 L - a +0 troll leather armour {regen}
Magical Staves
 K - an uncursed staff of cold {rC+}
Jewellery
 h - a +4 ring of evasion (left hand)
 A - a +4 ring of protection (right hand)
 C - an uncursed ring of teleportation
 G - an uncursed amulet of guardian spirit {Spirit}
 N - a cursed ring of protection from magic {unknown}
 P - a cursed ring of attention {unknown}
Wands
 c - a wand of clouds (7)
 o - a wand of acid (6)
 w - a wand of polymorph (5)
 H - a wand of flame (10)
Scrolls
 f - 3 scrolls of fog
 g - a scroll of magic mapping {unknown}
 i - a scroll of identify
 j - a scroll of immolation {unknown}
 k - a scroll of noise {unknown}
 m - a scroll of enchant armour {unknown}
 s - a scroll of enchant weapon {unknown}
 t - 3 scrolls of teleportation
 u - a scroll of amnesia {unknown}
 B - a scroll of blinking {!r}
 F - a scroll of silence {unknown}
Potions
 d - 2 potions of might
 l - a potion of heal wounds
 q - 6 potions of curing
 r - a potion of degeneration {unknown}
 x - 2 potions of cancellation
 z - 2 potions of lignification {!q}
 O - 4 potions of stabbing
Miscellaneous
 M - a phial of floods
Comestibles
 e - 12 rations


   Skills:
 + Level 6.3 Short Blades
 + Level 0.0 Armour
 + Level 9.1 Dodging
 + Level 9.8 Stealth
 + Level 9.6 Spellcasting
 * Level 5.9 Hexes
 - Level 1.3 Transmutations
 * Level 8.4 Earth Magic
 + Level 5.6 Invocations


You had 8 spell levels left.
You knew the following spells:

 Your Spells              Type           Power        Failure   Level  Hunger
a - Sandblast             Erth           #####.       1%          1    None
b - Confusing Touch       Hex            ####....     1%          3    None
c - Petrify               Tmut/Erth      ####....     10%         4    ##.....
d - Dazzling Flash        Conj/Hex       ###...       6%          3    None
w - Passwall              Tmut/Erth      ####....     1%          2    None
x - Stone Arrow           Conj/Erth      ####..       3%          3    None
z - Lee's Rapid Deconstr  Erth           #####.....   6%          5    #####..

Your spell library contained the following spells:

 Spells                   Type           Power        Failure   Level  Hunger
 Corona                   Hex            ####...      1%          1    None
 Tukima's Dance           Hex            ####....     1%          3    None
 Ensorcelled Hibernation  Hex/Ice        ###...       3%          2    None
 Freeze                   Ice            #...         8%          1    None
 Frozen Ramparts          Ice            #.....       22%         3    None
 Ozocubu's Armour         Chrm/Ice       #.......     22%         3    None
 Hailstorm                Conj/Ice       #.......     58%         4    ##.....
 Summon Ice Beast         Ice/Summ       #.......     58%         4    ##.....


Dungeon Overview and Level Annotations

Branches:
Dungeon (9/15)             Temple (0/1) D:4
   Lair: D:8-11         Orc: D:9-12

Altars:
Cheibriados
Dithmenos
Gozag
Sif Muna
Trog
Zin
The Shining One

Shops:
D:4 :?![   D:6 =

Annotations:
D:9 2 runed translucent doors


Innate Abilities, Weirdness & Mutations

You are very small and have problems with some larger weapons.
You are too small for most types of armour.
You have supernaturally acute eyesight. (SInv)
You are a herbivore.
You cover ground extremely quickly.
You need to consume almost no food.


Message History

You hit the manticore but do no damage.
The manticore suddenly seems more agile.
The manticore completely misses you. The manticore barely misses you.
The manticore completely misses you.
You hit the manticore but do no damage.
Nothing appears to happen.
The manticore misses you. The manticore completely misses you.
The manticore claws you!
* * * LOW HITPOINT WARNING * * *
You take 7 damage, and have 9/47 hp.
Unknown command.
Okay, then.
Okay, then.
Aim: a manticore (black smoke, heavily wounded, berserk, unusually agile, umbra)
The bolt of acid hits the manticore!
The manticore is splashed with acid.
The manticore barely misses you. x2; The manticore misses you.
Aim: a manticore (black smoke, severely wounded, berserk, unusually agile, umbra)
The bolt of acid hits the manticore!
The manticore is splashed with acid.
The acid corrodes the manticore!
The manticore misses you. The manticore closely misses you.
The manticore claws you!
You die...

#.....'.#
#...........
#.....###
#†....###### #
#..(÷<#
#....##8..8##.#
###'###
#....#8....8#.##
##.÷.#
###†.'......+..#
...###
####..'......+..#
÷########
#..§§§#8....8#.....
........#
#.##§§##8..8##.###.
........#
#..§§@§###### .
........# #..###H#
# .(......#
#.##)#§# ........#
#.#.#.## ........#
#.#F### ........#
#.#H# ........#
#.#S# ........#
#.##. ........# #


You could see a manticore (berserk, agile, corroded).

Levels and vault maps discovered:
D:1:      eino_arrival_water_star, layout_basic, st_stairs_14,
          cheibriados_altar_1
D:2:      kennysheep_the_goblin_king, layout_basic, minmay_misc_feat_rows,
          chequers_arboretum
D:3:      layout_loops_cross, gammafunk_temple_overflow_elements, first_ration,
          uniq_sigmund
D:4:      layout_loops_ring, overflow_temple_1_default,
          lemuel_coloured_pillars_altar, minmay_temple_entry_poolview,
          serial_shops, shop, kennysheep_little_box, shop, nicolae_shop_trees
D:5:      layout_basic, ebering_ghost_rock_garden, grunt_ministairs_14,
          uniq_blork_the_orc
D:6:      layout_basic, serial_shops, nicolae_shop_window_shopping,
          lemuel_tele_altar
D:7:      layout_rooms, the_bakery, trog_hazing_becter, uniq_prince_ribbit1
D:8:      layout_basic, nicolae_overflow_crystal_walls, serial_undead,
          serial_undead_c, serial_undead_e, serial_undead_d, serial_undead_c,
          serial_undead_f, serial_undead_f, uniq_psyche
D:9:      layout_roguey, old_standard_altar, serial_shops, shop,
          minmay_hollow_rounded_squares

Notes
Turn   | Place    | Note
-------+----------+-------------------------------------------
     0 | D:1      | lepoulpe303 the Spriggan Earth Elementalist began the quest
                  | for the Orb.
     0 | D:1      | Reached XP level 1. HP: 9/9 MP: 5/5
    28 | D:1      | Identified a +0 dagger
    44 | D:1      | Identified a +0 cloak (You found it on level 1 of the
                  | Dungeon)
   137 | D:1      | Found a snail-covered altar of Cheibriados.
   183 | D:1      | Reached skill level 3 in Spellcasting
   271 | D:1      | Reached XP level 2. HP: 11/13 MP: 7/7
   574 | D:1      | Identified a +0 club
   584 | D:1      | Reached skill level 3 in Earth Magic
   655 | D:1      | Identified a +0 club
   853 | D:1      | Reached XP level 3. HP: 8/16 MP: 8/8
  1046 | D:1      | Identified a +0 short sword
  1108 | D:1      | Identified a +0 club
  1240 | D:1      | Identified a +0 dagger
  1320 | D:2      | Reached skill level 1 in Short Blades
  1386 | D:2      | Learned a level 2 spell: Passwall
  1390 | D:2      | Learned a level 3 spell: Stone Arrow
  1477 | D:2      | Identified a +0 dagger
  1477 | D:2      | Identified a +0 hunting sling
  1477 | D:2      | Identified a +0 club
  1477 | D:2      | Identified a +0 dagger
  1477 | D:2      | Identified a +0 hunting sling
  1478 | D:2      | Identified a +0 club
  1478 | D:2      | Identified a +0 club
  1515 | D:2      | Reached XP level 4. HP: 18/21 MP: 10/10
  1631 | D:2      | Identified a +0 club
  1931 | D:2      | Reached skill level 4 in Stealth
  1937 | D:2      | Learned a level 4 spell: Petrify
  2138 | D:2      | Identified 3 scrolls of blinking
  2139 | D:2      | Identified 2 scrolls of identify
  2139 | D:2      | Identified a ring of evasion (You found it on level 1 of
                  | the Dungeon)
  2209 | D:3      | Reached skill level 4 in Spellcasting
  2533 | D:3      | Identified a +0 club
  2569 | D:3      | HP: 5/21 [hobgoblin (3)]
  2903 | D:3      | Identified a +0 whip
  2907 | D:3      | Reached XP level 5. HP: 22/24 MP: 8/12
  3039 | D:3      | Found a glowing silver altar of Zin.
  3039 | D:3      | Found a shadowy altar of Dithmenos.
  3158 | D:3      | lepoulpe303: !whichgod spen
  3158 | D:3      | meem: 70 recent wins for spen: 32x Dithmenos, 20x Gozag, 3x
                  | Wu Jian, 3x Nemelex Xobeh, 2x Uskayaw, 2x Sif Muna, Zin,
                  | Kikubaaqudgha, Makhleb, Okawaru, Ru, Vehumet, Ashenzari,
                  | Jiyva
  3198 | D:3      | Became a worshipper of Dithmenos the Shadowed
  3264 | D:3      | Identified a cursed +0 scythe
  3264 | D:3      | Identified a +1 robe of magic resistance
  3264 | D:3      | Noticed Sigmund
  3605 | D:3      | Killed Sigmund
  3605 | D:3      | Reached skill level 2 in Short Blades
  3605 | D:3      | Reached skill level 4 in Dodging
  3605 | D:3      | Reached skill level 4 in Earth Magic
  3605 | D:3      | Reached XP level 6. HP: 27/28 MP: 4/14
  3717 | D:4      | Identified an amulet of guardian spirit (You found it on
                  | level 4 of the Dungeon)
  3733 | D:4      | Reached skill level 1 in Invocations
  3894 | D:4      | Found Unasaabb's Book Shop.
  3940 | D:4      | You fall into a shaft and drop 3 floors!
  3941 | D:7      | Noticed a hippogriff
  3946 | D:6      | HP: 1/28 [hippogriff (8)]
  4023 | D:6      | Noticed an ice beast
  4060 | D:6      | Found a shimmering blue altar of Sif Muna.
  4426 | D:6      | Identified a +0 shortbow
  4530 | D:6      | Reached skill level 5 in Spellcasting
  4545 | D:5      | Entered Level 5 of the Dungeon
  4554 | D:5      | Reached skill level 5 in Stealth
  4566 | D:5      | Found a runed translucent gate.
  4567 | D:5      | Found a runed translucent gate.
  4567 | D:5      | Found a runed translucent gate.
  4568 | D:5      | Identified a +0 shortbow
  4791 | D:4      | Found Vigh's Magic Scroll Shop.
  4799 | D:4      | Bought a scroll of teleportation for 33 gold pieces
  4853 | D:4      | Found Hiobomne's Distillery.
  4853 | D:4      | Identified a +0 dagger
  4853 | D:4      | Identified a +0 robe
  4853 | D:4      | Identified a +0 dagger
  4853 | D:4      | Identified a +0 dagger
  4859 | D:4      | Reached XP level 7. HP: 32/32 MP: 9/16
  4997 | D:4      | Found a snail-covered altar of Cheibriados.
  5081 | D:4      | Found Olapo's Antique Armour Shoppe.
  5224 | D:4      | Found a glowing golden altar of the Shining One.
  5311 | D:4      | Found a staircase to the Ecumenical Temple.
  5311 | D:4      | Identified a +0 dagger
  5311 | D:4      | Identified a +0 robe
  5312 | D:4      | Identified a +0 flail
  5312 | D:4      | Identified a +0 mace
  5312 | D:4      | Identified a +0 scale mail
  5312 | D:4      | Identified a +0 hand axe
  5312 | D:4      | Identified a +0 leather armour
  5907 | D:5      | Reached skill level 5 in Dodging
  5959 | D:5      | Noticed viperstalker's ghost (novice CeFi)
  6044 | D:5      | Reached skill level 2 in Invocations
  6045 | D:5      | Reached skill level 3 in Short Blades
  6045 | D:5      | Reached skill level 6 in Spellcasting
  6045 | D:5      | Reached skill level 5 in Earth Magic
  6241 | D:5      | Identified a +0 shortbow
  6260 | D:5      | Reached skill level 6 in Stealth
  6260 | D:5      | Reached XP level 8. HP: 28/36 MP: 15/18
  6344 | D:5      | Reached * piety under Dithmenos
  6396 | D:5      | Identified a +0 giant club
  6685 | D:5      | Identified a +0 dire flail
  6685 | D:5      | Identified a +0 robe
  6685 | D:5      | Noticed Blork the orc
  6692 | D:5      | Killed Blork the orc
  6692 | D:5      | Reached skill level 6 in Dodging
  6760 | D:5      | Identified a +0 giant club
  6770 | D:5      | Reached skill level 7 in Spellcasting
  6912 | D:5      | Learned a level 5 spell: Lee's Rapid Deconstruction
  6945 | D:4      | Killed viperstalker's ghost
  6945 | D:4      | Reached skill level 4 in Short Blades
  6945 | D:4      | Reached skill level 7 in Stealth
  6945 | D:4      | Reached skill level 6 in Earth Magic
  6945 | D:4      | Reached skill level 3 in Invocations
  7108 | D:5      | Identified 4 potions of curing
  7109 | D:5      | Identified 3 potions of stabbing
  7110 | D:5      | Identified a ring of protection (You found it on level 5 of
                  | the Dungeon)
  7155 | D:6      | Reached XP level 9. HP: 34/39 MP: 21/21
  7226 | D:6      | Identified a +0 club
  7231 | D:6      | Identified a +0 halberd
  7261 | D:6      | Found Kaxtykhlink's Jewellery Shop.
  7640 | D:6      | Reached skill level 8 in Spellcasting
  7825 | D:6      | Reached skill level 7 in Dodging
  8014 | D:6      | Identified a +0 whip
  8160 | D:7      | Noticed Prince Ribbit
  8178 | D:7      | Reached ** piety under Dithmenos
  8211 | D:7      | Killed Prince Ribbit
  8211 | D:7      | Reached skill level 4 in Invocations
  8294 | D:7      | Identified a +2 cloak (You found it on level 7 of the
                  | Dungeon)
  8343 | D:7      | Identified a +0 hand axe
  8343 | D:7      | Identified a +0 chain mail
  8346 | D:7      | Identified a +0 short sword
  8346 | D:7      | Identified a +0 chain mail
  8346 | D:7      | Identified a +0 trident
  8346 | D:7      | Identified a cursed +0 scale mail
  8349 | D:7      | Identified a +0 short sword
  8349 | D:7      | Identified a +0 trident
  8349 | D:7      | Identified a +0 leather armour
  8378 | D:7      | Reached skill level 8 in Stealth
  8847 | D:4      | Bought a book of Maledictions for 300 gold pieces
  8851 | D:4      | Learned a level 3 spell: Confusing Touch
  8855 | D:4      | Learned a level 3 spell: Dazzling Flash
  8945 | D:7      | Identified a +0 animal skin
  8945 | D:7      | Identified a +0 animal skin
  8947 | D:7      | Found a bloodstained altar of Trog.
  8948 | D:7      | Identified a +0 animal skin
  8948 | D:7      | Identified a cursed +0 animal skin
  8948 | D:7      | Identified a +0 animal skin
  8949 | D:7      | Identified a +0 animal skin
  9093 | D:7      | Identified a +0 dagger
  9095 | D:7      | Identified a +0 dagger
  9095 | D:7      | Identified a +0 robe
  9096 | D:7      | Identified a +0 war axe
  9097 | D:7      | Identified a +0 flail
  9108 | D:7      | Reached skill level 7 in Earth Magic
  9248 | D:7      | Reached skill level 5 in Short Blades
  9248 | D:7      | Reached skill level 1 in Hexes
  9441 | D:7      | Identified a +0 shortbow
  9457 | D:7      | Identified a +0 dagger
  9457 | D:7      | Identified a cursed +0 robe
  9459 | D:7      | Reached skill level 2 in Hexes
  9466 | D:7      | Identified 3 scrolls of fog
  9558 | D:8      | Identified a +0 giant club
  9620 | D:8      | Found an opulent altar of Gozag.
  9649 | D:8      | Reached XP level 10. HP: 44/44 MP: 23/23
  9667 | D:8      | Identified a +0 trident
  9687 | D:8      | Identified a +0 scale mail
  9687 | D:8      | Identified a +0 mace
  9687 | D:8      | Identified a +0 chain mail
  9689 | D:8      | Reached skill level 9 in Spellcasting
  9696 | D:8      | Identified a +0 ring mail
  9723 | D:8      | Reached *** piety under Dithmenos
  9762 | D:8      | Identified a +0 whip
  9820 | D:8      | Identified a +2 dire flail of protection
  9820 | D:8      | Identified a +0 robe
  9870 | D:8      | Identified a cursed +6 hand axe
  9870 | D:8      | Identified a +0 robe
 10044 | D:8      | Identified a +1 whip of electrocution
 10044 | D:8      | Identified a +0 leather armour
 10050 | D:8      | Identified a +0 short sword
 10050 | D:8      | Identified a +0 leather armour
 10050 | D:8      | Identified a +0 scale mail
 10050 | D:8      | Identified a cursed -1 hand axe
 10060 | D:8      | Identified a +0 short sword
 10178 | D:8      | Reached skill level 3 in Hexes
 10330 | D:8      | Identified 2 potions of might
 10375 | D:8      | Identified a +0 short sword
 10375 | D:8      | Identified a +0 club
 10375 | D:8      | Identified a +0 hand crossbow
 10375 | D:8      | Identified a +2 dagger of flaming
 10399 | D:8      | Identified a +0 mace
 10402 | D:8      | Identified a +0 dagger of chaos
 10402 | D:8      | Identified a +0 robe
 10402 | D:8      | Noticed Psyche
 10412 | D:8      | Reached skill level 8 in Dodging
 10413 | D:8      | Killed Psyche
 10662 | D:8      | Noticed an unseen horror
 10670 | D:8      | Killed an unseen horror
 10670 | D:8      | Reached skill level 9 in Stealth
 10670 | D:8      | Reached skill level 4 in Hexes
 10670 | D:8      | Reached skill level 5 in Invocations
 10675 | D:8      | Identified a cursed +0 giant club
 10675 | D:8      | Identified a +0 giant club
 10675 | D:8      | Noticed a two-headed ogre
 10687 | D:8      | Killed a two-headed ogre
 10687 | D:8      | Reached skill level 8 in Earth Magic
 10844 | D:9      | Identified a +0 shortbow
 10848 | D:9      | Reached skill level 5 in Hexes
 10855 | D:9      | Identified 2 scrolls of remove curse
 10857 | D:9      | Identified a ring of teleportation (You found it on level 6
                  | of the Dungeon)
 10892 | D:9      | Reached skill level 6 in Short Blades
 11183 | D:9      | Identified a +0 giant spiked club
 11183 | D:9      | Identified a +0 giant club
 11183 | D:9      | Noticed a two-headed ogre
 11189 | D:9      | Killed a two-headed ogre
 11189 | D:9      | Reached **** piety under Dithmenos
 11189 | D:9      | Reached skill level 9 in Dodging
 11189 | D:9      | Reached XP level 11. HP: 47/47 MP: 21/25
 11276 | D:9      | Found a large runed translucent door.
 11277 | D:9      | Found a large runed translucent door.
 11308 | D:9      | Identified a +0 troll leather armour
 11335 | D:9      | Found a large runed translucent door.
 11335 | D:9      | Found a large runed translucent door.
 11352 | D:9      | Identified 2 potions of cancellation
 11353 | D:9      | Identified 2 potions of lignification
 11354 | D:9      | Identified a +4 rapier of venom (You found it on level 9 of
                  | the Dungeon)
 11388 | D:9      | Identified a +0 scimitar
 11388 | D:9      | Identified a +0 plate armour
 11451 | D:9      | HP: 9/47 [manticore (7)]
 11453 | D:9      | Mangled by a manticore

Table legend:
 A = Turns spent in this place as a percentage of turns spent in the entire game.
 B = Non-inter-level travel turns spent in this place as a percentage of non-inter-level travel turns spent in the entire game.
 C = Inter-level travel turns spent in this place as a percentage of turns spent in this place.
 D = Turns resting spent in this place as a percentage of non-inter-level travel turns spent in this place.
 E = Turns spent auto-exploring this place as a percentage of non-inter-level travel turns spent in this place.
 F = Non-inter-level travel turns spent in this place divided by the number of levels of this place that you've seen.
                   A       B       C       D       E      F
               +-------+-------+-------+-------+-------+----------------------
         Total | 100.0 | 100.0 |   4.6 |  20.7 |  52.6 | 1213.4
       Dungeon | 100.0 | 100.0 |   4.6 |  20.7 |  52.6 | 1213.4
               +-------+-------+-------+-------+-------+----------------------

Table legend:
 A = Kills in this place as a percentage of kills in entire the game.
 B = Kills by you in this place as a percentage of kills by you in the entire game.
 C = Kills by friends in this place as a percentage of kills by friends in the entire game.
 D = Other kills in this place as a percentage of other kills in the entire game.
 E = Experience gained in this place as a percentage of experience gained in the entire game.
 F = Experience gained in this place divided by the number of levels of this place that you have seen.
                   A       B       C       D       E      F
               +-------+-------+-------+-------+-------+----------------------
         Total | 100.0 | 100.0 |   N/A |   N/A | 100.0 | 1359.9
       Dungeon | 100.0 | 100.0 |   N/A |   N/A | 100.0 | 1359.9
               +-------+-------+-------+-------+-------+----------------------

Skill      XL: |  1  2  3  4  5  6  7  8  9 10 |
---------------+-------------------------------+-----
Spellcasting   | 3 4 5 6 7 8 9 |  9.6
Earth Magic    | 3 4 5 6 7 8 |  8.4
Short Blades   | 1 2 3 4 5 6 |  6.3
Stealth        | 4 5 6 7 8 9 |  9.8
Dodging        | 4 5 6 7 9 |  9.1
Invocations    | 1 2 3 4 5 |  5.6
Hexes          | 2 5 |  5.9
Transmutations | |  1.3

Action                   |  1- 3 |  4- 6 |  7- 9 | 10-12 || total
-------------------------+-------+-------+-------+-------++-------
Melee: Dagger            |   101 |       |       |    93 ||   194
       Short sword       |    23 |   201 |   216 |   123 ||   563
       Rapier            |       |       |       |     8 ||     8
Throw: Dart              |       |     4 |     2 |     2 ||     8
 Cast: Sandblast         |    13 |    52 |    97 |    20 ||   182
       Stone Arrow       |       |     1 |    30 |    12 ||    43
       Passwall          |       |     1 |       |       ||     1
       Lee's Rapid Decon |       |       |     3 |     8 ||    11
       Confusing Touch   |       |       |       |     7 ||     7
       Dazzling Flash    |       |       |       |     1 ||     1
Evoke: Wand              |       |       |       |     4 ||     4
  Use: Scroll            |       |     4 |     4 |     6 ||    14
       Potion            |       |     1 |       |       ||     1
 Stab: Sleeping          |    10 |    13 |    22 |     8 ||    53
       Distracted        |       |       |     2 |     3 ||     5
       Confused          |       |       |       |    12 ||    12
       Paralysed         |       |       |       |     2 ||     2
       Petrified         |       |       |       |     1 ||     1
  Eat: Ration            |       |     1 |     3 |     2 ||     6
Armor: Robe              |    13 |    25 |    16 |     8 ||    62
Dodge: Dodged            |    85 |   287 |   236 |   205 ||   813

Vanquished Creatures
  2 two-headed ogres
  An unseen horror (D:8)
  The ghost of viperstalker the Chopper, a novice CeFi of Yredelemnul (D:4)
  Psyche (D:8)
  A troll (D:9)
  Prince Ribbit (D:7)
  2 hippogriffs
  Sigmund (D:3)
  A spriggan (D:7)
  5 yaks
  A hornet zombie (D:8)
  2 orc warriors
  4 ice beasts
  2 sky beasts
  3 ogres
  2 phantoms
  6 necrophages
  5 centaurs
  A crocodile (D:9)
  Blork the orc (D:5)
  A big kobold (D:8)
  4 bullfrogs
  4 scorpions
  2 wights (D:8)
  3 howler monkeys (D:8)
  A crimson imp (D:7)
  3 jellies
  3 bullfrog zombies (D:8)
  3 orc wizards
  A centaur skeleton (D:6)
  4 orc priests
  6 hounds
  2 bullfrog skeletons
  An iguana (D:5)
  7 worker ants
  2 killer bee zombies
  A hound skeleton (D:6)
  4 gnolls (D:6)
  7 adders
  2 shadow imps
  An ooze (D:6)
  2 adder zombies
  An adder skeleton (D:9)
  3 worms
  3 dart slugs
  7 leopard geckos
  20 orcs
  2 ball pythons
  7 giant cockroaches
  18 goblins
  10 hobgoblins
  5 jackals
  12 kobolds
  4 quokkas
  6 bats
  4 frilled lizards
  2 jackal zombies
  2 leopard gecko zombies (D:3)
  9 rats
222 creatures vanquished.
